Unix NetHack Version 5.0.0-0 post-release - last build May  4 2026 22:22:43 (774f63e81ad911689b3a0859ea89b322d5daca8d,branch:main).

Game began 2026-05-09 13:59:28, ended 2026-05-10 03:25:02.

Gary, lawful male human Samurai

                           |.|
                           |.|----------
                           |.|.........|
                          --[|...d.....|
                          ...-...@<....|
                          --.|.....%...|
                             |.........|
                             -----------

Gary the Joshu         St:18/03 Dx:13 Co:18 In:8 Wi:9 Ch:8  Lawful S:43111
Dlvl:12 $:84 HP:0(91) Pw:43(43) AC:2  Xp:10/9999 T:14153  Burdened

Latest messages:
 The giant zombie misses Hachi.
 Hachi misses the giant zombie.
 You destroy the giant zombie!
 You see here a giant corpse.
 You hit the vampire bat!
 The vampire bat bites!
 The vampire bat bites again!
 The vampire bat bites!
 The vampire bat bites again!
 You hit the vampire bat!
 The vampire bat bites!
 The vampire bat bites again!
 The vampire bat just misses!
 The vampire bat bites!
 You kill the vampire bat!
 The seemingly dead vampire bat suddenly transforms and rises as a vampire lord!
 The vampire lord hits!
 The vampire lord bites!
 You hit the vampire lord!
 The vampire lord hits!
 The vampire lord bites!
 Sayonara level 11.
 The vampire lord hits!
 The vampire lord bites!
 You hit the vampire lord!
 The vampire lord hits!
 The vampire lord bites!
 You avoid harm.
 Where do you want to be teleported?
 (For instructions type a '?')
 You materialize in the same location!
 You hit the vampire lord!
 The vampire lord hits!
 The vampire lord bites!
 You miss the vampire lord.
 The vampire lord hits!
 The vampire lord bites!
 You hit the vampire lord!
 The vampire lord hits!
 The vampire lord bites!
 The vampire lord hits!
 The vampire lord bites!
 What do you want to zap? [rsyzCHPR or ?*] H
 In what direction?
 The shocking sphere explodes!
 Boom!
 Hachi is caught in the shocking sphere's explosion!
 You are caught in the shocking sphere's explosion!
 Your ring of slow digestion turns to dust and vanishes!
 The shocking sphere's explosion is fatal.

Inventory:
 Coins    ('$')
  $ - 84 gold pieces
 Amulets  ('"')
  O - an uncursed amulet of magical breathing
  j - an uncursed amulet of reflection (being worn)
 Weapons  (')')
  K - 6 +0 shuriken
  L - the rustproof +2 Dragonbane
  N - a +0 quarterstaff
  a - the rustproof +1 Snickersnee (weapon in right hand)
 Armor    ('[')
  v - an uncursed +0 orcish helm (being worn)
  U - an uncursed +0 pair of elven boots (being worn)
  D - an uncursed +0 elven cloak (being worn)
  A - a blessed +0 elven mithril-coat (being worn)
 Comestibles  ('%')
  Q - an uncursed cram ration
  g - 4 uncursed gunyoki
  T - an uncursed lembas wafer
  V - an uncursed tripe ration
  l - an uncursed lizard corpse
 Scrolls  ('?')
  Y - an uncursed scroll of teleportation
 Potions  ('!')
  M - an uncursed potion of healing
 Rings    ('=')
  n - an uncursed ring of levitation
  x - a cursed ring of teleport control (on right hand)
 Wands    ('/')
  r - a wand of create monster (0:7)
  R - a wand of digging (0:4)
  s - a cursed wand of lightning (0:6)
  C - a wand of polymorph (0:4)
  z - a wand of sleep (0:5)
  y - a cursed wand of striking (0:5)
  P - a wand of teleportation (0:6)
  H - a cursed wand of teleportation (0:3)
 Tools    ('(')
  t - an uncursed bag of holding containing 7 items
  b - an uncursed sack containing 28 items
  f - an uncursed blindfold
  k - an uncursed skeleton key
  o - an uncursed tallow candle
  S - an uncursed tin opener
  w - an uncursed tin whistle
  u - a +0 unicorn horn
  G - a blessed wax candle
  h - an uncursed partly used wax candle
 Gems/Stones  ('*')
  i - an uncursed jasper stone
  X - an uncursed ruby
  e - 2 uncursed worthless pieces of black glass
  B - an uncursed worthless piece of blue glass
  d - 3 uncursed worthless pieces of green glass
  q - an uncursed worthless piece of red glass
  p - 2 uncursed worthless pieces of violet glass
  J - 2 uncursed worthless pieces of white glass
  F - an uncursed worthless piece of yellow glass
  W - an uncursed worthless piece of yellowish brown glass

Contents of the sack:
  4371 gold pieces
  a +0 katana
  a cursed +0 Hawaiian shirt with a plumeria motif
  3 uncursed kiwifruits
  2 uncursed bananas
  2 uncursed gunyoki
  2 uncursed lembas wafers
  2 uncursed oranges
  an uncursed pancake
  2 uncursed pears
  2 uncursed tripe rations
  an uncursed scroll of earth
  2 uncursed scrolls of enchant armor
  2 uncursed scrolls of identify
  an uncursed scroll of taming
  2 uncursed scrolls of teleportation
  an uncursed potion of confusion
  a blessed potion of gain energy
  an uncursed potion of gain energy
  2 uncursed potions of healing
  an uncursed potion of invisibility
  an uncursed potion of monster detection
  an uncursed potion of restore ability
  an uncursed potion of sleeping
  an uncursed -1 ring of adornment
  a cursed ring of polymorph control
  a wand of polymorph (0:4)
  a wand of speed monster (0:6)

Contents of the bag of holding:
  3152 gold pieces
  an uncursed chuckberry
  6 uncursed gunyoki
  an uncursed scroll of teleportation
  a cursed scroll of teleportation
  7 uncursed potions of extra healing
  an uncursed tin opener

Gary the Samurai's attributes:

Background:
 You were a Joshu, a level 10 male human Samurai.
 You were lawful, on a mission for Amaterasu Omikami
 who was opposed by Raijin (neutral) and Susanowo (chaotic).
 You were right-handed.
 You were in the Gnomish Mines, on level 12.
 You entered the dungeon 14153 turns ago.
 It was nighttime.
 You had 9999 experience points, 1 more was needed to attain level 11.
 Your score was 43111 before end-of-game adjustments.

Basics:
 You had 0 out of 91 hit points.
 You had all 43 energy points (spell power).
 Your armor class was 2.
 Your wallet contained 84 zorkmids, and
 you had 7523 more stashed away in your pack.
 Autopickup was on for '$' plus thrown.

Final Characteristics:
 Your strength was 18/03 (limit:18/100).
 Your dexterity was 13 (peak:16, limit:18).
 Your constitution was 18 (limit:18).
 Your intelligence was 8 (limit:18).
 Your wisdom was 9 (limit:18).
 Your charisma was 8 (limit:18).

Final Status:
 You weren't hungry.
 You were burdened; movement was slightly slowed.
 You were wielding a long sword.
 You were skilled in long sword and could have enhanced that.

Final Attributes:
 You were piously aligned.
 You were cold resistant.
 You were stealthy.
 You could teleport.
 You had teleport control.
 You were guarded.
 You were fast.
 You had reflection.
 You are dead.

Miscellaneous:
 You encountered 2 bones levels.
 Total elapsed playing time was 5 hours, 45 minutes and 46 seconds.

Major events:
 Turn
    1: Gary the lawful male human Samurai entered the dungeon
  968: attained the rank of Ronin (level 3)
 1374: just blew up his bag of holding
 1666: attained the rank of Ninja (level 6)
 3482: entered the Gnomish Mines
 3983: reached Mine Town
 6274: was bestowed with Snickersnee by Amaterasu Omikami
 6875: entered Sokoban
 7011: attained the rank of Joshu (level 10)
 7113: completed 1st Sokoban level
 7615: completed 2nd Sokoban level
 7989: completed 3rd Sokoban level
 8668: completed 4th Sokoban level
 9835: acquired the Sokoban amulet of reflection
11714: was bestowed with Dragonbane by Amaterasu Omikami
14153: killed by a shocking sphere's explosion

You didn't know any spells.

Skills:
 Fighting Skills
   martial arts      [Basic]
   two weapon combat [Unskilled]
   riding            [Unskilled]
 Weapon Skills
   dagger            [Unskilled]
   knife             [Unskilled]
   short sword       [Basic]
   broadsword        [Unskilled]
   long sword        [Skilled]
   two-handed sword  [Basic]
   saber             [Unskilled]
   flail             [Unskilled]
   quarterstaff      [Unskilled]
   polearms          [Unskilled]
   spear             [Unskilled]
   lance             [Unskilled]
   bow               [Basic]
   shuriken          [Unskilled]
 Spellcasting Skills
   attack spells     [Unskilled]
   divination spells [Unskilled]
   clerical spells   [Unskilled]

Voluntary challenges:
 Character rerolling was not enabled.
 You never genocided any monsters.
 You never polymorphed an object.
 You never changed form.
 You used no wishes.
 You violated the special Sokoban rules twice.
Achievements:
 You entered a shop.
 You attained the rank of Ronin.
 You attained the rank of Ninja.
 You entered the Gnomish Mines.
 You entered Minetown.
 You entered a temple.
 You entered Sokoban.
 You attained the rank of Joshu.
 You completed Sokoban.

 The Dungeons of Doom: levels 1 to 9
    Level 1:
       A fountain, a sink.
    Level 2:
       Some sinks.
    Level 3:
       A tool shop.
    Level 4:
       Stairs down to The Gnomish Mines.
    Level 5: "stash"
       A vegetarian food shop, some fountains.
    Level 6:
       A throne, a fountain.
    Level 7:
       Many fountains.
       Oracle of Delphi.
    Level 8:
       An altar to Amaterasu Omikami.
       Stairs up to Sokoban, level 7.
    Level 9:
       A sink.
 The Gnomish Mines: levels 5 to 12
    Level 5:
    Level 6:
    Level 7:
       Many shops, a temple and an altar to Amaterasu Omikami, some fountains.
       Final resting place for
          IceCreamJones-Wiz-Hum-Fem-Cha, killed by a giant bat.
    Level 8:
       A grave.
       Final resting place for
          needler-Tou-Hum-Mal-Neu, killed by a gnome lord.
    Level 9:
    Level 10:
    Level 11:
    Level 12: <- You were here.
       Final resting place for
          you, killed by a shocking sphere's explosion.
 Sokoban: levels 7 up to 4
    Level 4:
       Solved.
    Level 5:
       Solved.
    Level 6:
       Solved.
    Level 7:
       Solved.


Vanquished creatures:
  2 ghosts
  2 giant mimics
  a zruty
  a wumpus
  a stalker
  a black naga
  a giant zombie
  2 wargs
  2 small mimics
  a warhorse
  2 xans
 an ettin mummy
  2 ogre leaders
  a troll
  a wood golem
  a gelatinous cube
  2 freezing spheres
  2 shocking spheres
  a large cat
  3 tigers
  a gargoyle
  a dwarf ruler
  a tengu
  2 leocrottas
  a stone giant
 an elf mummy
  a human mummy
  a python
  a wraith
 an ettin zombie
  3 leather golems
 an amorous demon
  a chameleon
  a crocodile
  a quivering blob
  4 cockatrices
  a winter wolf cub
  a lynx
  a panther
  a gremlin
  2 spotted jellies
  2 leprechauns
 an orc-captain
  2 iron piercers
  a mumak
  4 giant spiders
  a black light
  a vampire bat
  2 forest centaurs
  2 gnome rulers
  2 orc mummies
 an ogre
  2 brown puddings
  3 rust monsters
  a yeti
  a gold golem
  2 Green-elves
  5 lizards
  5 dingoes
  a housecat
  a jaguar
  2 dwarf leaders
  a blue jelly
  2 black unicorns
  3 dust vortices
  4 snakes
 an ape
  a rope golem
  5 Woodland-elves
  3 soldier ants
  3 bugbears
  3 imps
  a quasit
  3 wood nymphs
  a water nymph
 11 Mordor orcs
  2 Uruk-hai
 an orc shaman
  4 rock piercers
  a rock mole
  7 fog clouds
  4 yellow lights
  a violet fungus
 14 gnome leaders
  4 gnomish wizards
  a guardian naga hatchling
  a gray ooze
  a barrow wight
  4 elf zombies
  a straw golem
  a paper golem
  9 giant ants
  3 floating eyes
  a kitten
  7 dwarves
  3 homunculi
  4 kobold shamans
 28 hill orcs
 21 rothes
  a rabid rat
  a centipede
  a giant bat
 an orc zombie
  2 dwarf zombies
  4 wererats
  a werejackal
  5 iguanas
  a killer bee
 an acid blob
  6 coyotes
  a hobbit
  4 manes
  4 large kobolds
  6 hobgoblins
  2 giant rats
  8 cave spiders
  3 brown molds
  a yellow mold
 45 gnomes
  a gnome zombie
  7 geckos
 11 jackals
  a fox
  4 kobolds
  6 sewer rats
 13 grid bugs
  3 lichens
  2 kobold zombies
 12 newts
423 creatures vanquished.

No species were genocided or became extinct.

Game over:
                       ----------
                      /          \
                     /    REST    \
                    /      IN      \
                   /     PEACE      \
                  /                  \
                  |       Gary       |
                  |     7607 Au      |
                  |   killed by a    |
                  |     shocking     |
                  |     sphere's     |
                  |    explosion     |
                  |       2026       |
                 *|     *  *  *      | *
        _________)/\\_//(\/(/\)/\//\/|_)_______

Sayonara Gary the Samurai...

You died in The Gnomish Mines on dungeon level 12 with 42351 points,
and 7607 pieces of gold, after 14153 moves.
You were level 10 with a maximum of 91 hit points when you died.

